 Dungeon Crawl Stone Soup version 0.30.0-5-g1a98f26d00 (webtiles) character file.

Game seed: 14137871266295784357

35 monsoonserge the Slasher (level 3, -2/29 HPs)
             Began as a Merfolk Chaos Knight on May 10, 2023.
             Was a Plaything of Xom.
             Slain by Sigmund
             ... wielding a +0 scythe
              (7 damage)
             ... on level 2 of the Dungeon.
             The game lasted 00:02:54 (480 turns).

monsoonserge the Slasher (Merfolk Chaos Knight)      Turns: 480, Time: 00:02:55

Health: -2/29      AC:  5    Str: 18    XL:     3   Next: 35%
Magic:  3/3        EV: 12    Int: 11    God:    Xom [....*.]
Gold:   48         SH:  0    Dex: 15    Spells: 2/2 levels left

rFire   . . .        a - +0 falchion (chaos)
rCold   . . .        (no shield)
rNeg    . . .        b - +2 leather armour
rPois   .            (no helmet)
rElec   .            (no cloak)
rCorr   .            (no gloves)
SInv    .            (no boots)
Will    .....        m - amulet of magic regeneration
Stlth   +            h - +6 ring of strength
HPRegen 0.24/turn    (no ring)
MPRegen 0.48/turn

%: no passive effects
@: no status effects
A: (nimble swimmer 2), mertail
a: Renounce Religion


You were on level 2 of the Dungeon.
You worshipped Xom.
You were a beloved toy of Xom.
You visited 1 branch of the dungeon, and saw 2 of its levels.

You collected 48 gold pieces.

Inventory:

Hand Weapons
 a - a +0 falchion of chaos (weapon)
Missiles
 i - 4 datura-tipped darts
 n - 4 poisoned darts
Armour
 b - a +2 leather armour (worn)
Magical Staves
 j - a staff of cold
Jewellery
 h - a +6 ring of strength (left hand)
 m - an amulet of magic regeneration (around neck)
Scrolls
 e - a scroll of teleportation {unknown}
 f - 2 scrolls of immolation {unknown}
 g - 7 scrolls of identify {unknown}
 l - a scroll of magic mapping {unknown}
Potions
 k - a potion of magic {unknown}
 o - a potion of invisibility {unknown}
 p - a potion of resistance {unknown}
Miscellaneous
 c - a piece from Xom's chessboard (15/15) (quivered)


   Skills:
 + Level 3.5 Fighting
 + Level 4.6 Long Blades
 + Level 0.9 Armour
 + Level 3.1 Dodging


You had 2 spell levels left.
You didn't know any spells.
Your spell library was empty.

Dungeon Overview and Level Annotations

Branches:
Dungeon (2/15)

Altars:

Shops:
D:1 *

Annotations:
D:2 Sigmund


Innate Abilities, Weirdness & Mutations

((You are very nimble when in or above water. (Stealth+, EV+, Speed+++)))
Your lower body shifts to a powerful aquatic tail in water.


Message History

The bat hits you.
* * * LOW HITPOINT WARNING * * *
You see here a bat corpse.
You feel less confused.
You feel sick.
You kill the adder!
The bat hits you but does no damage. The bat closely misses you.
Something hits you.
* * * LOW HITPOINT WARNING * * *
Unknown command.
It was a potion of heal wounds.
You feel much better.
You feel sick. The bat misses you. The bat barely misses you.
You miss the bat.
You feel sick. The bat closely misses you.
You hear some strange, mumbled words.
A magic dart appears from out of thin air!
The magic dart hits you but does no damage.
You barely miss something.
You feel sick. The bat hits you. Something hits you!
You miss the bat.
You feel sick.
You are no longer poisoned.
The bat hits you.
You hear some strange, mumbled words.
A puff of flame appears from out of thin air!
The puff of flame misses you.
You closely miss something. The bat hits you but does no damage.
Something hits you.
You barely miss something. The bat hits you but does no damage. x2
You barely miss the bat. The bat closely misses you.
An endoplasm comes into view.
Something hits you!
* * * LOW HITPOINT WARNING * * *
A shower of butterflies erupts from you!
You slash the bat!
You kill the bat!
Something hits you.
* * * LOW HITPOINT WARNING * * *
Unknown command.
You barely miss something. Something hits you but does no damage.
You barely miss something. You closely miss something. Something hits you!
You die...

#....# ..##..####
...... ........
###.... #...>.#
......####.##..#####
#...................
###....#.#........##..
....b.b..............#
........{b........###
......#@..........#
##.....††.##......#
#..#.###...####...##
.... #...#.# #....###
... #.###.####......#
.. $..#........##....#
. ..# #.....<).# ###.#
.... #........# . ...
#........#


There were no monsters in sight!

Vanquished Creatures
  An adder (D:2)
  A dart slug (D:2)
  A ball python (D:1)
  2 endoplasms (D:1)
  3 goblins
  2 hobgoblins (D:1)
  2 jackals (D:1)
  2 kobolds (D:1)
  A quokka (D:1)
  4 bats
  A frilled lizard (D:2)
  3 rats (D:1)
23 creatures vanquished.

Notes
Turn   | Place    | Note
-------+----------+-------------------------------------------
     0 | D:1      | monsoonserge the Merfolk Chaos Knight began the quest for
                  | the Orb.
     0 | D:1      | Reached XP level 1. HP: 18/18 MP: 1/1
    23 | D:1      | XOM: butterfly on damage
    38 | D:1      | Reached skill level 4 in Long Blades
    42 | D:1      | Reached XP level 2. HP: 13/24 MP: 2/2
   159 | D:1      | XOM: silly message
   245 | D:1      | Found Inuwack's Assorted Antiques.
   430 | D:2      | Reached XP level 3. HP: 21/29 MP: 3/3
   454 | D:2      | Noticed Sigmund
   467 | D:2      | XOM: cast spell 'Chain of Chaos'
   469 | D:2      | HP: 1/29 [something (5)]
   476 | D:2      | XOM: butterfly on damage
   480 | D:2      | Slain by Sigmund

Illustrated notes

Levels and vault maps discovered:
D:1:      dpeg_arrival_stonehenge_8_columns, layout_rooms, serial_shops, shop
D:2:      layout_rooms, hellmonk_ecumenical_altar_lost_god, uniq_sigmund

Skill      XL: |  1  2 |
---------------+-------+-----
Long Blades    | 4 |  4.6
Dodging        | 3 |  3.1
Fighting       | |  3.5
Armour         | |  0.9

Action                     || total
---------------------------++-------
  Melee: Falchion          ||    63
    Use: Potion            ||     1
 Armour: Leather armour    ||    30
  Dodge: Dodged            ||    46
